 Dungeon Crawl Stone Soup version 0.30.0 (webtiles) character file.

Game seed: 12257601993468464589

7838 adizb the Grappler (level 11, -6/109 HPs)
             Began as a Troll Berserker on May 7, 2023.
             Was an Elder of Trog.
             Mangled by a freezing wraith (22 damage)
             ... on level 9 of the Dungeon.
             The game lasted 00:30:37 (5775 turns).

adizb the Grappler (Troll Berserker)                Turns: 5775, Time: 00:30:38

Health: -6/109     AC:  5    Str: 36    XL:     11   Next: 2%
Magic:  10/10      EV: 10    Int:  3    God:    Trog [****..]
Gold:   419        SH:  0    Dex:  9    Spells: 10/10 levels left

rFire   . .          .
                       - Unarmed
rCold   . . .        (no shield)
rNeg    . . .        i - +1 robe of Polytheism {Will+ Str+5 Slay+4}
rPois   .            (helmet restricted)
rElec   .            (no cloak)
rCorr   .            (gloves unavailable)
SInv    .            (boots unavailable)
Will    +++..        o - amulet of the acrobat
Stlth   +++          A - +4 ring of slaying
HPRegen 2.18/turn    (no ring)
MPRegen 0.12/turn

%: acrobat
@: strong-willed, regenerating, slowed, studying Stealth, very slow
A: large, unfitting armour, claws 3, regeneration 1, shaggy fur 1, tough skin 1
a: Renounce Religion, Berserk, Trog's Hand, Brothers in Arms


You were on level 9 of the Dungeon.
You worshipped Trog.
Trog was greatly pleased with you.
You visited 1 branch of the dungeon, and saw 9 of its levels.

You collected 510 gold pieces.
You spent 91 gold pieces at shops.

Inventory:

Missiles
 p - 6 throwing nets (quivered)
Armour
 i - the +1 robe of Polytheism (worn) {Will+ Str+5 Slay+4}
   (You found it on level 2 of the Dungeon)

   Str:       It affects your strength (+5).
   Slay:      It affects your accuracy & damage with ranged weapons and melee
   (+4).
   Will:      It increases your willpower.
 u - a scarf of harm
Jewellery
 g - an amulet of guardian spirit
 o - an amulet of the acrobat (around neck)
 A - a +4 ring of slaying (left claw)
 B - a ring of poison resistance
Wands
 s - a wand of paralysis (1)
 y - a wand of flame (7)
 C - a wand of mindburst (8)
Scrolls
 a - a scroll of fear
 b - 2 scrolls of enchant armour
 c - 4 scrolls of teleportation
 d - a scroll of poison
 r - 2 scrolls of blinking {unknown}
 v - 4 scrolls of fog
 w - a scroll of vulnerability {unknown}
 x - 2 scrolls of magic mapping {unknown}
 z - a scroll of butterflies {unknown}
Potions
 e - 3 potions of flight {unknown}
 h - a potion of heal wounds
 j - 3 potions of attraction
 k - a potion of mutation
 l - 2 potions of lignification {unknown}
 m - 5 potions of curing
 n - a potion of invisibility {unknown}
 q - 3 potions of might
 t - a potion of haste {unknown}
 D - a potion of degeneration {unknown}


   Skills:
 + Level 7.3 Fighting
 + Level 3.4 Armour
 + Level 4.3 Dodging
 + Level 6.3 Stealth
 * Level 12.0 Unarmed Combat


You had 10 spell levels left.
You didn't know any spells.
Your spell library was empty.

Dungeon Overview and Level Annotations

Branches:
Dungeon (9/15)             Temple (0/1) D:7
   Lair: D:8-11         Orc: D:9-12

Altars:
Ashenzari
Cheibriados
Dithmenos
Elyvilon
Fedhas
Hepliaklqana
Makhleb
Nemelex Xobeh
Okawaru
Wu Jian
Xom
The Shining One

Shops:
D:5 *   D:9 [

Annotations:
D:3 2 transporters


Innate Abilities, Weirdness & Mutations

You are too large for most types of armour.
You have claws for hands.
Your natural rate of healing is unusually fast.
You are covered in fur. (AC +1)
You have tough skin. (AC +1)


Message History

The salamander is heavily wounded.
The salamander hits you but does no damage.
You claw the salamander!
The salamander is heavily wounded.
The freezing wraith hits you. The freezing wraith freezes you!
The freezing wraith hits you! The salamander hits you!
* * * LOW HITPOINT WARNING * * *
You are engulfed in flames!
* * * LOW HITPOINT WARNING * * *
You feel much better.
The freezing wraith hits you but does no damage.
The freezing wraith hits you!
* * * LOW HITPOINT WARNING * * *
The freezing wraith drains your vigour!
You feel yourself slow down. The salamander misses you.
The orc warrior shouts!
You mangle the salamander!!
The salamander is almost dead.
You hear a shout!
A centaur comes into view.
The freezing wraith hits you.
* * * LOW HITPOINT WARNING * * *
The freezing wraith freezes you!!
* * * LOW HITPOINT WARNING * * *
The freezing wraith hits you!
* * * LOW HITPOINT WARNING * * *
The freezing wraith drains your vigour!
You feel as though you will be slow longer.
The salamander hits you but does no damage.
Okay, then.
You feel much better. The freezing wraith barely misses you.
The freezing wraith hits you but does no damage.
The salamander hits you.
* * * LOW HITPOINT WARNING * * *
You are engulfed in flames!
* * * LOW HITPOINT WARNING * * *
The freezing wraith hits you.
* * * LOW HITPOINT WARNING * * *
The freezing wraith freezes you!!
You die...

...........÷........)...........#
.#.##...........###....##..#.##.†
##.###..........# #....##..## #†#
##.###........### #....##..# #..
##.............##......#...#.##..
.....###....#....................
<<..#####...#.)###.......#...#...
........##....#..## ##....#.
#...).∩.##....##@W## .....#.
........##.##.###N.## ........
....#####..#..# ##..## ###.......
.....###......# ##..#...###.....
..............# ##o......###...
..........#.#.# #...yK.#.##. ###.
.........##.#.# #..[.#....# ##
....####......#..o.#...#....
..>..##.......#..#...# .


QKy You could see a salamander, a freezing wraith, an orc warrior, a meliai
(wandering) and a kobold.

Vanquished Creatures
  2 two-headed ogres (D:9)
  A tengu warrior (D:9)
  2 kobold demonologists (D:8)
  A wraith (D:9)
  6 yaks (D:9)
  The ghost of TrollFarmer the Covert, an amateur SpEn (D:4)
  Grum (D:9)
  2 acid dragons (D:9)
  A water moccasin (D:7)
  2 ice beasts
  5 orc warriors
  3 sky beasts
  A black bear (D:5)
  A wolf (D:9)
  3 centaurs
  2 kobold brigands
  2 gnoll sergeants (D:9)
  5 bullfrogs
  10 wights
  6 killer bees (D:9)
  8 hounds
  A gnoll bouda (D:9)
  7 orc priests
  A sleepcap (D:6)
  6 iguanas
  8 orc wizards
  23 gnolls
  6 adders
  2 shadow imps (D:6)
  A white imp (D:7)
  3 ufetubi
  A worm (D:4)
  3 dart slugs
  30 orcs
  20 ball pythons
  6 endoplasms
  4 giant cockroaches
  7 goblins
  8 hobgoblins
  8 jackals
  18 kobolds
  3 quokkas
  9 bats
  3 frilled lizards
  3 rats
246 creatures vanquished.

Vanquished Creatures (others)
  An orc (D:5)
  4 plants (D:4)
5 creatures vanquished.

Grand Total: 251 creatures vanquished

Notes
Turn   | Place    | Note
-------+----------+-------------------------------------------
     0 | D:1      | adizb the Troll Berserker began the quest for the Orb.
     0 | D:1      | Reached XP level 1. HP: 22/22 MP: 0/0
   140 | D:1      | Reached XP level 2. HP: 29/29 MP: 1/1
   257 | D:1      | Reached ** piety under Trog
   302 | D:1      | Reached XP level 3. HP: 36/36 MP: 2/2
   547 | D:1      | Reached skill level 4 in Unarmed Combat
  1052 | D:2      | Identified the +1 robe of Polytheism {Will+ Str+5 Slay+4}
  1686 | D:3      | Noticed a centaur
  1700 | D:2      | Reached XP level 4. HP: 45/45 MP: 3/3
  1790 | D:3      | Reached *** piety under Trog
  1904 | D:3      | Reached skill level 5 in Unarmed Combat
  1909 | D:3      | Reached XP level 5. HP: 53/53 MP: 4/4
  1982 | D:3      | Found a transporter.
  2001 | D:3      | Found a transporter.
  2031 | D:3      | Found a blossoming altar of Fedhas.
  2169 | D:3      | Killed a centaur
  2360 | D:4      | Reached XP level 6. HP: 62/62 MP: 5/5
  2520 | D:4      | Found a transporter.
  2618 | D:4      | Reached skill level 6 in Unarmed Combat
  2714 | D:4      | Found a transporter.
  2785 | D:4      | Noticed TrollFarmer's ghost (amateur SpEn)
  2790 | D:4      | Reached **** piety under Trog
  2803 | D:4      | Killed TrollFarmer's ghost
  2804 | D:4      | Reached XP level 7. HP: 34/70 MP: 6/6
  2868 | D:5      | Entered Level 5 of the Dungeon
  3129 | D:5      | Reached skill level 7 in Unarmed Combat
  3160 | D:5      | Found a sparkling altar of Nemelex Xobeh.
  3162 | D:5      | Found a shimmering altar of Xom.
  3162 | D:5      | Found a burning altar of Makhleb.
  3164 | D:5      | Found a sparkling altar of Nemelex Xobeh.
  3164 | D:5      | Found a broken altar of Ashenzari.
  3164 | D:5      | Found a hazy altar of Hepliaklqana.
  3308 | D:5      | Reached skill level 1 in Stealth
  3363 | D:5      | Found Vonoih's General Store.
  3368 | D:5      | Bought a scroll of identify for 26 gold pieces
  3368 | D:5      | Bought a potion of attraction for 39 gold pieces
  3368 | D:5      | Bought a scroll of identify for 26 gold pieces
  3697 | D:6      | Reached XP level 8. HP: 76/79 MP: 7/7
  3796 | D:6      | Found a white marble altar of Elyvilon.
  3815 | D:6      | Reached skill level 8 in Unarmed Combat
  3822 | D:6      | Reached skill level 5 in Fighting
  3957 | D:7      | Found a glowing golden altar of the Shining One.
  4120 | D:7      | Reached skill level 9 in Unarmed Combat
  4282 | D:7      | Found a staircase to the Ecumenical Temple.
  4440 | D:7      | Reached XP level 9. HP: 89/89 MP: 8/8
  4583 | D:8      | Noticed a kobold demonologist
  4590 | D:8      | Killed a kobold demonologist
  4592 | D:8      | Noticed a kobold demonologist
  4609 | D:8      | Killed a kobold demonologist
  4610 | D:8      | Reached skill level 10 in Unarmed Combat
  4825 | D:8      | Found an iron altar of Okawaru.
  4878 | D:8      | Found an ornate altar of the Wu Jian Council.
  4881 | D:8      | Found a snail-covered altar of Cheibriados.
  4934 | D:9      | Found Tyqaan's Antique Armour Shop.
  4950 | D:9      | Found a shadowy altar of Dithmenos.
  5039 | D:9      | Reached skill level 5 in Stealth
  5059 | D:9      | Reached skill level 1 in Armour
  5176 | D:9      | Noticed a two-headed ogre
  5181 | D:9      | Killed a two-headed ogre
  5181 | D:9      | Reached ***** piety under Trog
  5182 | D:9      | Reached skill level 11 in Unarmed Combat
  5182 | D:9      | Reached XP level 10. HP: 81/100 MP: 9/9
  5183 | D:9      | Noticed Grum
  5187 | D:9      | Killed Grum
  5420 | D:9      | Found a burning altar of Makhleb.
  5420 | D:9      | Noticed a blizzard demon
  5473 | D:9      | Received a gift from Trog
  5669 | D:9      | Noticed a two-headed ogre
  5681 | D:9      | Killed a two-headed ogre
  5705 | D:9      | Noticed a tengu warrior
  5705 | D:9      | Noticed a manticore
  5730 | D:9      | Killed a tengu warrior
  5731 | D:9      | Reached skill level 12 in Unarmed Combat
  5750 | D:9      | Noticed a two-headed ogre
  5750 | D:9      | Noticed a boulder beetle
  5758 | D:9      | Reached XP level 11. HP: 66/109 MP: 10/10
  5774 | D:9      | HP: 5/109 [freezing wraith (8)]
  5775 | D:9      | Mangled by a freezing wraith

Illustrated notes

Levels and vault maps discovered:
D:1:      elethiomel_arrival_quiet, layout_loops_ring
D:2:      layout_basic, corexii_hall_statues_x, glass_columns_b
D:3:      gammafunk_steamed_eel, layout_rooms, nicolae_overflow_crystal_walls,
          grunt_ministairs_13
D:4:      layout_basic, gammafunk_ghost_gnarly_gnolls
D:5:      layout_basic, doesnt_xom_only_xom, serial_shops,
          nicolae_shop_pleasant_corner_grove, lemuel_flamethrower_2
D:6:      layout_rooms, lemuel_doored_altar
D:7:      layout_loops_ring, nzn_hepliaklqana_mist_gate, amcnicky_altar_gilded,
          minmay_temple_entry_glassed_door, grunt_ministairs_11
D:8:      layout_rooms, cheibriados_altar_1, kennysheep_mini,
          kennysheep_little_box
D:9:      minmay_the_grid_triangle_9x9_rhombus_thin_mashed
          [minmay_the_grid_triangle_9x9_subtriangle,
          minmay_the_grid_triangle_9x9_prize_center,
          minmay_the_grid_triangle_9x9_semitri,
          minmay_the_grid_triangle_9x9_sparse_checkered], layout_cave_pools,
          nicolae_dithmenos_the_darkroom, makhleb_altar_promises_db,
          serial_gnoll_camp, gnoll_camp_mini_loothouse, gnoll_camp_mini_basic,
          grums_kennel, gnoll_camp_mini_hut, gnoll_camp_mini_shop,
          gnoll_camp_medium_02

Skill      XL: |  1  2  3  4  5  6  7  8  9 10 |
---------------+-------------------------------+-----
Unarmed Combat | 4 5 6 7 9 11 12 | 12.0
Fighting       | 3 4 5 6 7 |  7.3
Stealth        | 2 3 5 6 |  6.3
Armour         | 1 3 |  3.4
Dodging        | 3 4 |  4.3

Action                     |  1- 3 |  4- 6 |  7- 9 | 10-12 || total
---------------------------+-------+-------+-------+-------++-------
  Melee: Unarmed           |   105 |   106 |   211 |   117 ||   539
         Punch             |     2 |     3 |     9 |     5 ||    19
 Invoke: Trog's Hand       |       |     1 |     3 |     4 ||     8
         Berserk           |       |       |     3 |     1 ||     4
    Use: Scroll            |       |     4 |     6 |     2 ||    12
         Potion            |       |       |     1 |     2 ||     3
   Stab: Sleeping          |     1 |       |     5 |     1 ||     7
 Armour: Animal skin       |    36 |       |       |       ||    36
         Robe              |     4 |    45 |    33 |    32 ||   114
  Dodge: Dodged            |    52 |    78 |    88 |    73 ||   291
